 Dungeon Crawl Stone Soup version 0.31-a0-216-g22e908daa7 (webtiles) character file.

Game seed: 1200011612851086131

37 qw the Shooter (level 3, 0/29 HPs)
             Began as a Minotaur Hexslinger on July 1, 2023.
             Slain by Pikel
             ... wielding a +1 whip of flaming
              (4 damage)
             ... on level 4 of the Dungeon.
             The game lasted 00:00:25 (870 turns).

qw the Shooter (Minotaur Hexslinger)                 Turns: 870, Time: 00:00:25

Health: 0/29       AC:  2    Str: 12    XL:     3   Next: 21%
Magic:  3/3        EV: 12    Int: 10    God:
Gold:   106        SH:  0    Dex: 14    Spells: 3/4 levels left

rFire   . . .        Y - +2 sling
rCold   . . .        (no shield)
rNeg    . . .        c - +0 robe
rPois   .            (helmet restricted)
rElec   .            (no cloak)
rCorr   .            (no gloves)
SInv    .            (no boots)
Will    .....        (no amulet)
Stlth   +            (no ring)
HPRegen 0.24/turn    (no ring)
MPRegen 0.08/turn

%: no passive effects
@: no status effects
A: horns 2, retaliatory headbutt
a: no special abilities


You were on level 4 of the Dungeon.
You visited 1 branch of the dungeon, and saw 3 of its levels.

You collected 106 gold pieces.


Innate Abilities, Weirdness & Mutations

You have a pair of horns on your head.
You reflexively headbutt those who attack you in melee.


   Skills:
 - Level 2.0 Fighting
 + Level 3.8 Ranged Weapons
 - Level 2.1 Dodging
 - Level 1.0 Spellcasting
 - Level 2.0 Hexes


You had 3 spell levels left.
You knew the following spells:

 Your Spells              Type           Power      Damage    Failure   Level
a - Slow                  Hex            16%        N/A       16%         1

Your spell library contained the following spells:

 Spells                   Type           Power      Damage    Failure   Level
 Inner Flame              Hex/Fire       2%         N/A       56%         3
 Portal Projectile        Hex/Tloc       4%         N/A       56%         3
 Cause Fear               Hex            2%         N/A       83%         4

Inventory:

Hand Weapons
 Y - a +2 sling (weapon)
Armour
 a - a +0 pair of boots
 c - a +0 robe (worn)
Scrolls
 e - a scroll of identify {unknown}
Potions
 b - a potion of lignification {unknown}
 d - a potion of degeneration {unknown}

Dungeon Overview and Level Annotations

Branches:
Dungeon (4/15)             Temple (0/1) D:4

Altars:

Annotations:
D:4 Pikel


Message History

The sling bullet barely misses Pikel.
The sling bullet hits the lemure but does no damage.
Pikel says, "Hell isn't that bad."
The lemure hits you.
You shoot a sling bullet.
The sling bullet barely misses the lemure.
The sling bullet hits the lemure.
The lemure is lightly wounded.
The lemure barely misses you. The lemure hits you.
You shoot a sling bullet.
The sling bullet closely misses the lemure.
The sling bullet hits Pikel but does no damage.
Pikel is lightly wounded.
The lemure hits you!
You shoot a sling bullet.
The sling bullet closely misses the lemure.
The sling bullet hits Pikel.
Pikel is lightly wounded.
You shoot a sling bullet. The sling bullet hits Pikel.
Pikel is lightly wounded.
You shoot a sling bullet. The sling bullet closely misses Pikel.
The sling bullet closely misses the lemure. x2
The sling bullet barely misses the lemure. x2
Pikel misses you.
You shoot a sling bullet. The sling bullet barely misses Pikel.
The sling bullet closely misses the lemure. x2
The sling bullet hits the lemure.
The lemure is lightly wounded.
Pikel misses you. You furiously retaliate!
You headbutt Pikel. Pikel closely misses you.
You shoot a sling bullet. The sling bullet hits Pikel.
Pikel is moderately wounded.
Pikel misses you.
You shoot a sling bullet. The sling bullet barely misses Pikel.
The sling bullet barely misses the lemure. x3
The sling bullet hits the lemure.
The lemure is lightly wounded.
Pikel hits you with a +1 whip of flaming!
Pikel burns you.
You die...

########
######......###
#..............
###.###.####....#
#...# ###~~##'.##
########...#
+~~~~~%#.##
..5555K@...#
+~~~~~~#.#.
##########.#
###~~##'.#.
#.###.####..##.
#..........###.
#.############.
#.# #.... #.#
#######.###
#>###.......#
#.##..#######


You could see Pikel and 4 lemures.

Vanquished Creatures
  A worm (D:4)
  2 dart slugs (D:1)
  2 ball pythons (D:1)
  An endoplasm (D:1)
  2 giant cockroaches
  A goblin (D:4)
  2 hobgoblins
  5 jackals
  A quokka (D:1)
  7 frilled lizards (D:1)
  3 kobolds
  2 rats
29 creatures vanquished.

Notes
Turn   | Place    | Note
-------+----------+-------------------------------------------
     0 | D:1      | qw the Minotaur Hexslinger began the quest for the Orb.
     0 | D:1      | Reached XP level 1. HP: 16/16 MP: 1/1
     0 | D:1      | 0 ||| qw: Version: 0.3-a-35-g05ef00e
     0 | D:1      | 0 ||| qw: Game counter: 7730
     0 | D:1      | 0 ||| qw: Melee chars always use a shield: true
     0 | D:1      | 0 ||| qw: God list: Okawaru
     0 | D:1      | 0 ||| qw: Allow faded altars: false
     0 | D:1      | 0 ||| qw: Do Orc after clearing Dungeon:15 true
     0 | D:1      | 0 ||| qw: Do second Lair branch before Depths: true
     0 | D:1      | 0 ||| qw: Lair rune preference: random
     0 | D:1      | 0 ||| qw: Goals: Normal
     0 | D:1      | 0 ||| PLANNING D:1-11
    44 | D:1      | 44 ||| FLEEEEING.
   174 | D:1      | 174 ||| FLEEEEING.
   175 | D:1      | 175 ||| FLEEEEING.
   191 | D:1      | 191 ||| FLEEEEING.
   196 | D:1      | 196 ||| FLEEEEING.
   197 | D:1      | 197 ||| FLEEEEING.
   213 | D:1      | Reached skill level 3 in Ranged Weapons
   213 | D:1      | Reached XP level 2. HP: 23/23 MP: 2/2
   615 | D:1      | 615 ||| READING scroll labelled CAUKEG TYIR.
   616 | D:1      | 616 ||| READING scroll labelled BIMMEL GIMUTWO.
   617 | D:1      | 617 ||| READING scroll labelled YGETYEG FITS.
   618 | D:1      | 618 ||| DROPPING scroll of poison.
   681 | D:2      | You fall into a shaft and drop 2 floors!
   681 | D:4      | Found a staircase to the Ecumenical Temple.
   682 | D:4      | 682 ||| PLANNING SEWER
   688 | D:4      | Reached XP level 3. HP: 29/29 MP: 3/3
   853 | D:4      | Noticed a lemure
   853 | D:4      | Noticed a lemure
   858 | D:4      | Noticed Pikel
   860 | D:4      | Noticed a lemure
   861 | D:4      | Noticed a lemure
   870 | D:4      | HP: 4/29 [Pikel/+1 whip of flaming (8)]
   870 | D:4      | Slain by Pikel

Levels and vault maps discovered:
D:1:      scummos_arrival_gate, layout_rooms, minmay_lizard_pond
D:2:      layout_basic, ebering_ecumenical_altar_webs, basic_altar
D:4:      layout_loops_ring, chei_slow_surprise,
          chequers_temple_overflow_statue_of_worship,
          minmay_temple_entry_glassed_door, serial_shops,
          nicolae_shop_behind_doors, gup_sewer_entry_bowl, uniq_pikel

Skill      XL: |  1  2 |
---------------+-------+-----
Ranged Weapons | 3 |  3.8
Fighting       | 2 |  2.0
Dodging        | |  2.1
Spellcasting   | |  1.0
Hexes          | |  2.0

Action                     || total
---------------------------++-------
   Fire: Sling             ||    98
    Use: Scroll            ||     3
 Armour: Robe              ||     6
  Dodge: Dodged            ||    24

Table legend:
 A = Non-vault XP
 B = Vault XP
 C = Vault XP percentage of total XP
 D = Non-vault monster count
 E = Vault monster count
 F = Vault count percentage of total count
                 A         B        C        D         E       F
            +---------+---------+-------+---------+---------+-------
      Total |      39 |      14 |  26.4 |      20 |       9 |  31.0
            +---------+---------+-------+---------+---------+-------
        D:1 |      28 |       6 |  17.6 |      14 |       6 |  30.0
        D:2 |       6 |       0 |   0.0 |       3 |       0 |   0.0
        D:4 |       5 |       8 |  61.5 |       3 |       3 |  50.0
            +---------+---------+-------+---------+---------+-------
